 Dungeon Crawl Stone Soup version 0.16-a0-1029-gdfc7942 (webtiles) character file.

23 Kashira the Chiller (level 2, 0/11 HPs)
             Began as a Felid Ice Elementalist on Oct 4, 2014.
             Hit by a stone thrown by a kobold (1 damage)
             ... on level 2 of the Dungeon.
             The game lasted 00:02:29 (1458 turns).

Kashira the Chiller (Felid Ice Elementalist)        Turns: 1458, Time: 00:02:29

HP   0/11        AC  1     Str  4      XL: 2   Next: 72%
MP   5/5         EV 18     Int 16      God:
Gold 71          SH  0     Dex 16      Spells:  2 memorised,  2 levels left
Lives: 0, deaths: 0

rFire  . . .     SeeInvis +     (weapon unavailable)
rCold  . . .     Clarity  .     (armour unavailable)
rNeg   . . .     rCorr    .     (shield unavailable)
rPois  .         rRot     .     (helmet unavailable)
rElec  .         Spirit   .     (cloak unavailable)
SustAb .         Warding  .     (gloves unavailable)
rMut   .         Stasis   .     (boots unavailable)
Gourm  .                        (no amulet)
MR     .....                    (no ring)
                                (no ring)

@: quick, not resistant to hostile enchantments, fairly stealthy
A: paw claws, no armour, no weapons or thrown items, fangs 3, see invisible,
carnivore 3, speed 1, shaggy fur 1, slow metabolism 1, jump 1
a: Jump Attack


You were on level 2 of the Dungeon.
You were very full.

You visited 1 branch of the dungeon, and saw 2 of its levels.

You collected 71 gold pieces.

Inventory:

Comestibles
 c - 2 meat rations
 f - a slice of pizza
 j - 3 beef jerkies
Scrolls
 a - 3 scrolls of identify {unknown}
 d - 2 scrolls of fear {unknown}
 e - a scroll of remove curse {unknown}
 l - a scroll of recharging {unknown}
 m - a scroll of magic mapping {unknown}
Potions
 g - a potion of degeneration {unknown}
 h - a potion of mutation {unknown}
 i - a potion of confusion {unknown}
 k - a potion of heal wounds {unknown}
Books
 b - a book of Frost

   Spells                             Type                      Level
   *Freeze                            Ice                          1
   *Throw Frost                       Conjuration/Ice              2
   Ozocubu's Armour                   Charms/Ice                   3
   Throw Icicle                       Conjuration/Ice              4
   Summon Ice Beast                   Ice/Summoning                4
   Condensation Shield                Ice                          4


   Skills:
 - Level 2.6 Dodging
 - Level 2.6 Stealth
 - Level 2.0 Spellcasting
 + Level 0.8 Conjurations
 + Level 3.6 Ice Magic


You had 2 spell levels left.
You knew the following spells:

 Your Spells              Type           Power        Failure   Level  Hunger
a - Freeze                Ice            ##..         6%          1    #......
b - Throw Frost           Conj/Ice       #.....       14%         2    ###....


Dungeon Overview and Level Annotations

Branches:
Dungeon (2/15)

Altars:


Innate Abilities, Weirdness & Mutations

You cannot wear armour.
You are incapable of wielding weapons or throwing items.
Your paws have sharp claws.
You have razor-sharp teeth.
You have supernaturally acute eyesight.
You are carnivorous and can eat meat at any time.
You cover ground quickly.
You are covered in fur (AC +1).
You have a slow metabolism.
You can jump attack at a short distance.


Message History

A kobold comes into view. It is wielding a short sword.
A kobold is nearby!
Found a scroll labeled TRURGH CAOW.
A bat and a goblin come into view.
Found a scroll labeled FEKOXK REAGE.
The bat barely misses you.
You pounce on the unaware helpless kobold!
You scratch the kobold.
The kobold begins to bleed from its wounds!
Your bite misses the kobold.
The kobold is severely wounded.
The bat hits you. The kobold hits you with a short sword!
Ouch! That really hurt!
* * * LOW HITPOINT WARNING * * *
The kobold throws a stone.
The stone hits you.
* * * LOW HITPOINT WARNING * * *
You see here a stone.
The kobold is no longer bleeding.
The bat barely misses you.
The kobold throws a stone.
The stone hits you.
You die...

..... ...... .....
.......
###...####.......
..................
.......K#........$..
.?........#..........
.g....##...........#
##..####.(.#......#
#.......b@.......#
#...............#
#...............#
....[...(.......#
...............#
..>............#
...............#
..............##
#...........##


You could see a bat and a kobold.

Vanquished Creatures
  An ooze (D:2)
  2 giant cockroaches
  3 hobgoblins
  3 jackals (D:1)
  2 ball pythons (D:1)
  A bat (D:1)
  A giant newt (D:1)
  3 goblins (D:1)
  4 rats
20 creatures vanquished.

Notes
Turn   | Place    | Note
--------------------------------------------------------------
     0 | D:1      | Kashira, the Felid Ice Elementalist, began the quest for the Orb.
     0 | D:1      | Reached XP level 1. HP: 7/7 MP: 4/4
   370 | D:1      | Reached skill level 3 in Ice Magic
   554 | D:1      | Reached XP level 2. HP: 9/11 MP: 0/5
   574 | D:1      | Learned a level 2 spell: Throw Frost
  1458 | D:2      | Hit by a stone thrown by a kobold

Action                   || total
-------------------------++-------
Melee: Unarmed           ||     9
 Cast: Freeze            ||    29
 Stab: Sleeping          ||     3
  Eat: Chunk             ||     7
